Map: Jagannatha LE

Players

MaNa

  • Race: Protoss Protoss

ShoWTimE - Winner!

  • Race: Protoss Protoss

Event: DreamHack SC2 Masters 2021 Winter

VOD

Have the link to the VOD?

Description

Time

  • Played on: Oct. 7, 2021, 10:11 a.m.
  • Length: 5:22

All games in this series

Show
View Real Time Build Order
Export as new Build Order

MaNa Protoss 

Build Orders: Blink Stalkers 

Get SALT Encoding   

  12  0:00  Probe  
  13  0:12  Probe  
  14  0:16  Pylon  
  14  0:24  Probe (Chrono Boost)  
  15  0:36  Probe (Chrono Boost)  
  15  0:37  Gateway  
  16  0:44  Probe (Chrono Boost)  
  16  0:46  Assimilator  
  17  0:51  Probe  
  18  0:57  Assimilator  
  18  1:03  Probe (Chrono Boost)  
  19  1:09  Gateway  
  19  1:12  Probe (Chrono Boost)  
  19  1:17  Probe (Chrono Boost)  
  20  1:24  Cybernetics Core  
  21  1:29  Probe  
  22  1:37  Pylon  
  22  1:41  Probe  
  23  1:55  Probe  
  23  2:00  Stalker  
  23  2:01  Stalker  
  28  2:02  Warp Gate  
  29  2:12  Pylon  
  28  2:26  Shield Battery  
  28  2:35  Stalker x2  
  32  2:39  Twilight Council  
  32  2:57  Pylon  
  32  3:05  Stalker x2  
  36  3:09  Blink (Chrono Boost)  
  36  3:21  Gateway  
  36  3:50  Stalker x2  
  22  4:32  Stalker x2  
  26  4:49  Stalker  
Show
View Real Time Build Order
Export as new Build Order

ShoWTimE Protoss - Winner!

Build Orders: Oracle Opening 

Get SALT Encoding   

  12  0:00  Probe  
  13  0:12  Probe  
  14  0:18  Pylon  
  14  0:24  Probe (Chrono Boost)  
  15  0:37  Gateway, Probe (Chrono Boost)  
  16  0:45  Probe (Chrono Boost)  
  16  0:46  Assimilator  
  17  0:51  Probe  
  18  1:03  Probe (Chrono Boost)  
  19  1:05  Assimilator  
  19  1:09  Gateway  
  19  1:14  Probe (Chrono Boost)  
  20  1:18  Probe (Chrono Boost)  
  20  1:25  Cybernetics Core  
  21  1:30  Probe  
  22  1:36  Pylon  
  22  1:42  Probe  
  23  1:54  Probe  
  24  2:02  Adept x2  
  24  2:07  Stargate  
  28  2:12  Warp Gate  
  28  2:18  Pylon  
  28  2:21  Probe  
  29  2:32  Adept  
  29  2:36  Adept  
  32  2:39  Probe  
  33  2:48  Oracle (Chrono Boost)  
  36  3:05  Pylon  
  36  3:09  Shield Battery  
  36  3:10  Probe, Shield Battery  
  37  3:14  Void Ray (Chrono Boost)  
  37  3:22  Probe  
  42  3:40  Probe  
  43  3:42  Gateway  
  43  3:45  Pylon  
  43  3:57  Robotics Facility  
  43  4:02  Probe  
  44  4:04  Shield Battery  
  44  4:07  Stalker  
  46  4:16  Pylon  
  46  4:19  Stalker  
  48  4:28  Shield Battery  
  48  4:29  Pylon  
  48  4:34  Stalker  
  50  4:43  Immortal (Chrono Boost)  
  54  4:55  Stalker  
  56  5:05  Shield Battery  
  56  5:11  Pylon  

Tags
 
Add a new tag
Caveats
  • Supply blocks, unpowered buildings, or Contaminate may cause inaccurate times.
  • Supply counts are checked every 10 seconds.